 Dungeon Crawl Stone Soup version 0.31-a0-1098-g6898e6545c (webtiles) character file.

Game seed: 4122440691863182427

6096 Gargoyl the Cleaver (level 10, -9/70 HPs)
             Began as a Gargoyle Berserker on Nov 30, 2023.
             Was an Elder of Trog.
             Mangled by a white ugly thing (10 damage)
             ... on level 9 of the Dungeon.
             The game lasted 00:10:12 (7668 turns).

Gargoyl the Cleaver (Gargoyle Berserker)            Turns: 7668, Time: 00:10:13

Health: -9/70      AC: 19    Str: 21    XL:     10   Next: 88%
Magic:  10/10      EV: 12    Int:  8    God:    Trog [****..]
Gold:   434        SH:  4    Dex: 13    Spells: 9/9 levels left

rFire   . . .        g - +3 broad axe (freeze)
rCold   . . .        y - +0 buckler
rNeg    + . .        x - +0 steam dragon scales
rPois   ∞            i - +1 helmet
rElec   +            j - +0 cloak
rCorr   .            d - +0 pair of gloves
SInv    .            (no boots)
Will    ++...        (no amulet)
Stlth   +            (no ring)
HPRegen 1.31/turn    (no ring)
MPRegen 0.12/turn

%: no passive effects
@: about to teleport, strong-willed, regenerating
A: sickness immunity, AC +7, negative energy resistance 1, electricity
resistance, torment resistance 1, petrification resistance, talons 1, robust 1
a: Renounce Religion, Berserk, Trog's Hand, Brothers in Arms


You were on level 9 of the Dungeon.
You worshipped Trog.
Trog was greatly pleased with you.
You visited 1 branch of the dungeon, and saw 9 of its levels.

You collected 687 gold pieces.
You spent 253 gold pieces at shops.

Inventory:

Hand Weapons
 g - a +3 broad axe of freezing (weapon)
 p - a +2 hand axe of flaming
Missiles
 o - 16 poisoned darts (quivered)
 w - a throwing net
Armour
 d - a +0 pair of gloves (worn)
 i - a +1 helmet (worn)
 j - a +0 cloak (worn)
 x - +0 steam dragon scales (worn)
 y - a +0 buckler (worn)
Jewellery
 c - a ring of flight
Wands
 b - a wand of flame (26)
 r - a wand of iceblast (25)
Scrolls
 f - 2 scrolls of teleportation
 k - a scroll of vulnerability
 m - 3 scrolls of revelation
Potions
 e - 3 potions of cancellation
 h - a potion of magic
 l - a potion of mutation
 n - 2 potions of invisibility
 q - 2 potions of enlightenment {unknown}
 s - a potion of berserk rage {unknown}
 t - 2 potions of attraction {unknown}
 u - 4 potions of curing {unknown}
 v - 2 potions of brilliance {unknown}


   Skills:
 + Level 7.9 Fighting
 + Level 11.6 Axes
 + Level 8.0 Armour
 + Level 3.2 Dodging
 + Level 0.2 Stealth
 + Level 1.6 Shields


You had 9 spell levels left.
You didn't know any spells.
Your spell library was empty.

Dungeon Overview and Level Annotations

Branches:
Dungeon (9/15)             Temple (0/1) D:5            Lair (0/5) D:9
    Orc (0/2) D:9

Altars:
Dithmenos
Gozag
Kikubaaqudgha
Trog
Xom

Shops:
D:2 [=::!   D:4 :   D:6 *[*!   D:7 ((   D:8 (   D:9 (


Innate Abilities, Weirdness & Mutations

You are immune to sickness and miasma.
Your stone body is resilient. (AC +7)
You are immune to poison.
You resist negative energy. (rN+)
You are resistant to electric shocks. (rElec)
You are resistant to unholy torment.
You are immune to petrification.
You have sharp toenails.
You are robust. (+10% HP)


Message History

You open the door.
There is an open door here.
As you open the door, it creaks loudly!
There is an open door here.
There is an open door here.
There is an open door here.
Key pressed, stopping explore.
There is a stone staircase leading down here.
You see here a +0 spear.
Things that are here:
a +0 club; a +0 leather armour The red ugly thing gurgles horribly!
You hear a horrible gurgling sound!
The white ugly thing gurgles horribly!
You hear a horrible gurgling sound!
The purple ugly thing gurgles horribly!
The brown ugly thing gurgles horribly!
Could not explore, unopened runed door.
You open the gate.
The brown ugly thing basks in the mutagenic energy from its kin and changes!
Your skin crawls.
You feel strong-willed.
The purple ugly thing barely misses you.
You fail to use your ability.
The green ugly thing basks in the mutagenic energy from its kin and changes!
The purple ugly thing barely misses you.
Unknown command.
Your ogre goes berserk!
The purple ugly thing punches you. The red ugly thing bites you!
You are engulfed in flames!!
The white ugly thing claws your ogre!
The white ugly thing freezes your ogre!!
Your ogre dies!
Your ogre's corpse disappears in a puff of smoke!
Unknown command.
As you read the scroll of teleportation, it crumbles to dust.
You feel strangely unstable. The purple ugly thing punches you!
The white ugly thing stings you but does no damage.
The red ugly thing bites you!
* * * LOW HITPOINT WARNING * * *
You are engulfed in flames!!
* * * LOW HITPOINT WARNING * * *
The white ugly thing engulfs you!
You die...

........#.# #.......#..#
........#.#.#§.§#.#..######'##
.##....#####.#.#.##'##....'..#
..#.>..#..#.#...#.#..#....#..#
..#....#..#...#...#..##'###..#
..#...)#..#.#.!.#!#..#....'..#
.####.)#..#...uu..#..#....#..#
....#.)...###''u###..#....#..#
....#.....#....u@.#..#....#..#
##..#####......uu..###....#..#
.#......#...#...#....######..#
.#......#...#...#.........####
.#......#...#...#............#
.#......#...#...#............#
###.##########'###...#....####
..#...#...'..........##'###..#
..#...#...#..........#....+..#


You could see 6 ugly things.

Vanquished Creatures
  A troll (D:9)
  Grinder (D:3)
  8 yaks (D:8)
  A steam dragon (D:9)
  2 water moccasins
  5 orc warriors
  4 black bears
  2 ice beasts
  4 ogres
  3 centaurs
  A kobold brigand (D:8)
  A phantom (D:6)
  3 bullfrogs
  A gnoll sergeant (D:6)
  3 scorpions (D:5)
  4 wights (D:9)
  12 killer bees
  A howler monkey (D:9)
  3 electric eels (D:9)
  3 orc priests
  2 jellies
  11 hounds
  A gnoll bouda (D:9)
  4 iguanas
  7 orc wizards
  A sleepcap (D:4)
  Robin (D:2)
  12 gnolls
  6 adders
  2 white imps
  4 worms
  A dart slug (D:1)
  45 orcs
  3 bats
  6 endoplasms
  A giant cockroach (D:2)
  19 goblins
  9 hobgoblins
  9 jackals
  7 kobolds
  5 quokkas
  A ball python (D:4)
  A frilled lizard (D:1)
  6 rats
227 creatures vanquished.

Notes
Turn   | Place    | Note
-------+----------+-------------------------------------------
     0 | D:1      | Gargoyl the Gargoyle Berserker began the quest for the Orb.
     0 | D:1      | Reached XP level 1. HP: 14/14 MP: 1/1
    67 | D:1      | Reached XP level 2. HP: 19/19 MP: 2/2
    75 | D:1      | Reached skill level 3 in Axes
   591 | D:1      | Reached XP level 3. HP: 24/24 MP: 3/3
   757 | D:2      | Found Dagojaih's Jewellery Boutique.
   933 | D:2      | Found Torow's Distillery.
   971 | D:2      | Noticed Robin
   976 | D:2      | Reached ** piety under Trog
   983 | D:2      | Killed Robin
   984 | D:2      | Reached XP level 4. HP: 20/29 MP: 4/4
  1054 | D:2      | Found Paritun's Book Shoppe.
  1125 | D:2      | Found Ahyofragi's Book Shoppe.
  1195 | D:2      | Found Tyemips's Antique Armour Emporium.
  1245 | D:2      | Found a shadowy altar of Dithmenos.
  1412 | D:3      | Noticed Grinder
  1448 | D:3      | Killed Grinder
  1449 | D:3      | Reached skill level 5 in Axes
  1449 | D:3      | Reached XP level 5. HP: 28/34 MP: 5/5
  1449 | D:3      | Reached XP level 6. HP: 32/39 MP: 6/6
  2313 | D:4      | Reached XP level 7. HP: 44/44 MP: 7/7
  2432 | D:4      | Reached skill level 5 in Fighting
  2818 | D:4      | Found Mobu's Tiny Tomes.
  3050 | D:4      | Reached skill level 6 in Axes
  3206 | D:5      | Entered Level 5 of the Dungeon
  3266 | D:5      | Found a staircase to the Ecumenical Temple.
  3353 | D:5      | Reached XP level 8. HP: 50/50 MP: 8/8
  3358 | D:5      | Reached skill level 7 in Axes
  3597 | D:5      | Identified the +0 robe "Pam Lisk" {-Cast rN++}
  3600 | D:5      | Found an opulent altar of Gozag.
  3620 | D:5      | Reached *** piety under Trog
  3721 | D:5      | Found a shimmering altar of Xom.
  3851 | D:5      | Reached skill level 5 in Armour
  4009 | D:6      | Reached skill level 8 in Axes
  4137 | D:6      | Reached XP level 9. HP: 49/55 MP: 9/9
  4532 | D:6      | Found Qydgh's Antique Armour Boutique.
  4540 | D:6      | Found Gidihu's Assorted Antiques.
  4540 | D:6      | Found Xibbes Olea's General Store.
  4541 | D:6      | Found Guxkuf's Distillery.
  4612 | D:6      | Bought a steaming hand axe for 144 gold pieces
  4612 | D:6      | Identified the +5 hand axe "Nejaf" {protect, *Corrode rPois
                  | rN+ Str+3} (You bought it in a shop on level 6 of the
                  | Dungeon)
  4617 | D:6      | Bought a scroll of teleportation for 39 gold pieces
  4851 | D:7      | Reached skill level 9 in Axes
  4932 | D:7      | Found Jecaif's Antique Weapon Shop.
  5368 | D:7      | Found Zayfutz's Weapon Emporium.
  5374 | D:7      | Bought 6 darts of dispersal for 70 gold pieces
  5413 | D:7      | Noticed a moth of wrath
  5415 | D:7      | Found a bloodstained altar of Trog.
  5535 | D:8      | Gained mutation: You passively dampen the noise of your
                  | surroundings. [potion of mutation]
  5535 | D:8      | Gained mutation: You occasionally shout uncontrollably at
                  | your foes. [potion of mutation]
  5535 | D:8      | Gained mutation: You are frail. (-10% HP) [potion of
                  | mutation]
  5536 | D:8      | Lost mutation: You occasionally shout uncontrollably at
                  | your foes. [potion of mutation]
  5536 | D:8      | Lost mutation: You are frail. (-10% HP) [potion of
                  | mutation]
  5536 | D:8      | Lost mutation: You passively dampen the noise of your
                  | surroundings. [potion of mutation]
  5536 | D:8      | Gained mutation: You are robust. (+10% HP) [potion of
                  | mutation]
  5536 | D:8      | Gained mutation: You have sharp toenails. [potion of
                  | mutation]
  5732 | D:8      | Reached **** piety under Trog
  5889 | D:8      | Reached skill level 10 in Axes
  5891 | D:8      | Reached XP level 10. HP: 67/67 MP: 10/10
  5896 | D:8      | Reached skill level 1 in Shields
  6199 | D:8      | Found Liuff's Antique Weapon Shop.
  6315 | D:9      | Found a runed translucent gate.
  6315 | D:9      | Noticed a white ugly thing
  6316 | D:9      | Found a runed translucent gate.
  6325 | D:9      | Found a runed translucent gate.
  6326 | D:9      | Noticed a red ugly thing
  6326 | D:9      | Noticed a purple ugly thing
  6326 | D:9      | Noticed a white ugly thing
  6327 | D:9      | Noticed a brown ugly thing
  6327 | D:9      | Noticed a cyan ugly thing
  6651 | D:9      | Reached skill level 11 in Axes
  6788 | D:9      | Found a staircase to the Lair.
  6945 | D:9      | Found a staircase to the Orcish Mines.
  6947 | D:9      | Found Poan's Weapon Shop.
  7505 | D:9      | Found an ancient bone altar of Kikubaaqudgha.
  7668 | D:9      | HP: 1/70 [red ugly thing (19)]
  7668 | D:9      | Mangled by a white ugly thing

Illustrated notes

Levels and vault maps discovered:
D:1:      evilmike_arrival_hilbert_curve, layout_loops_cross
D:2:      layout_rooms, basic_altar, serial_shops, shop, shop,
          nicolae_shop_hallway_plus, nicolae_shop_competitors_out_of_business,
          shop, uniq_robin
D:3:      layout_basic, minmay_unequal, uniq_grinder
D:4:      layout_loops_corners, nicolae_shop_i_like_small_books_too
D:5:      layout_gridville, nicolae_overflow_crystal_walls,
          nicolae_gozag_seed_capital, minmay_temple_entry_junction
D:6:      layout_loops_ring, minmay_shop_grid_forest,
          hangedman_abyss_or_decor_stabs
D:7:      layout_basic, tgw_trog, serial_shops, shop,
          nicolae_shop_just_a_little_nook
D:8:      layout_basic, serial_shops, nicolae_shop_rolling_square
D:9:      layout_grid_maze, kiku_gazebo_garden_becter, erik_lair_island,
          orc_david_3, ploomutoo_gammafunk_ghost_potion_laboratory

Skill      XL: |  1  2  3  4  5  6  7  8  9 10 |
---------------+-------------------------------+-----
Axes           | 3 5 6 8 10 11 | 11.6
Dodging        | 2 3 |  3.2
Fighting       | 4 5 6 7 |  7.9
Armour         | 3 5 7 8 |  8.0
Shields        | 1 |  1.6
Stealth        | |  0.2

Action                     |  1- 3 |  4- 6 |  7- 9 | 10-12 || total
---------------------------+-------+-------+-------+-------++-------
  Melee: Hand axe          |    59 |       |    71 |       ||   130
         Broad axe         |     9 |    88 |   157 |   113 ||   367
         Punch             |       |     1 |     1 |       ||     2
         Kick              |       |       |     7 |    27 ||    34
 Invoke: Trog's Hand       |     1 |     3 |     1 |     2 ||     7
         Berserk           |     1 |     3 |     5 |     2 ||    11
         Brothers in Arms  |       |       |       |     1 ||     1
    Use: Scroll            |     3 |     3 |    12 |     2 ||    20
         Potion            |       |       |     2 |       ||     2
 Armour: Animal skin       |     8 |       |       |       ||     8
         Ring mail         |    32 |       |       |       ||    32
         Chain mail        |    22 |    53 |       |       ||    75
         Plate armour      |       |    40 |   264 |   110 ||   414
         Steam dragon scal |       |       |       |    59 ||    59
  Dodge: Dodged            |    61 |    51 |   113 |    82 ||   307
  Block: Buckler           |       |       |     8 |    30 ||    38

Table legend: (Time is in decaauts)
 A = Elapsed time spent in this place.
 B = Non-inter-level travel time spent in this place.
 C = Inter-level travel time spent in this place.
 D = Time resting spent in this place.
 E = Time spent auto-exploring this place.
 F = Levels seen in this place.
 G = Mean time per level.
                   A        B        C        D        E       F      G
               +--------+--------+--------+--------+--------+-----+--------+
         Total |   7834 |   7678 |    156 |    155 |   5822 |   9 |  870.4 |
       Dungeon |   7834 |   7678 |    156 |    155 |   5822 |   9 |  870.4 |
               +--------+--------+--------+--------+--------+-----+--------+

Top non-repeatable levels by time:
     D:9: 1403 daAuts
     D:3: 983 daAuts
     D:4: 980 daAuts
     D:6: 862 daAuts
     D:5: 817 daAuts
     D:8: 769 daAuts
     D:1: 736 daAuts
     D:7: 692 daAuts
     D:2: 588 daAuts
